 Dungeon Crawl Stone Soup version 0.32-a0-132-g2d33c3cfaf (webtiles) character file.

Game seed: 746912438629998440

1 Bravepunisher the Ducker (level 1, -2/11 HPs)
             Began as a Spriggan Monk on Feb 9, 2024.
             Killed from afar by Natasha (10 damage)
             ... with a magic dart
             ... on level 2 of the Dungeon.
             The game lasted 00:00:25 (96 turns).

Bravepunisher the Ducker (Spriggan Monk)              Turns: 96, Time: 00:00:26

Health: -2/11      AC:  2    Str:  7    XL:     1   Next: 16%
Magic:  2/2        EV: 18    Int: 11    God:
Gold:   0          SH:  0    Dex: 17    Spells: 0/0 levels left

rFire   . . .        a - +0 short sword
rCold   . . .        (no shield)
rNeg    . . .        b - +0 robe
rPois   .            (helmet restricted)
rElec   .            (no cloak)
rCorr   .            (gloves unavailable)
SInv    +            (boots unavailable)
Will    .....        (no amulet)
Stlth   ++           (no ring)
HPRegen 0.21/turn    (no ring)
MPRegen 0.08/turn

%: no passive effects
@: very quick
A: very small, no large weapons, unfitting armour, see invisible, speed 3
a: no special abilities


You were on level 2 of the Dungeon.
You visited 1 branch of the dungeon, and saw 2 of its levels.

Inventory:

Hand Weapons
 a - a +0 short sword (weapon)
Armour
 b - a +0 robe (worn)
Potions
 c - a potion of ambrosia
 d - a potion of heal wounds {unknown}


   Skills:
 + Level 2.4 Fighting
 - Level 3.2 Short Blades
 * Level 4.1 Dodging


You couldn't memorise any spells.
You didn't know any spells.
Your spell library was empty.

Dungeon Overview and Level Annotations

Branches:
Dungeon (2/15)

Altars:

Annotations:
D:2 Natasha, Sigmund


Innate Abilities, Weirdness & Mutations

You are very small and have problems with some larger weapons.
You are too small for most types of armour.
You have supernaturally acute eyesight. (SInv)
You cover ground extremely quickly. (Speed+++)


Message History

The frilled lizard misses you.
You barely miss the frilled lizard. You hit the frilled lizard.
You kill the frilled lizard!
You barely miss the rat. The rat barely misses you.
You hit the rat.
The rat is moderately wounded.
The rat misses you.
You hit the rat.
You kill the rat!
HP restored.
d - a fizzy golden potion
Found a stone staircase leading down.
Found a shiny orb.
There is a stone staircase leading down here.
You climb downwards.
Found a brass ring.
There is a stone staircase leading up here.
A rat and a frilled lizard come into view.
Found 13 gold pieces.
The adder hisses angrily.
The frilled lizard hisses angrily.
You hear an angry hiss.
The rat squeaks loudly.
A goblin comes into view. It is wielding a +0 dagger.
The goblin shouts!
A quokka comes into view.
A rat comes into view.
A dart slug comes into view.
The dart slug launches a dart at you. The slug dart hits you.
The rat misses you.
Found an inky potion.
Natasha, Servant of Life and Death comes into view.
Natasha hisses angrily.
Sigmund the Dreaded comes into view.
He is wielding a +0 scythe.
Sigmund shouts!
Natasha casts a spell at you. The magic dart hits you!
Ouch! That really hurt!
You die...
Natasha begins licking her fur clean.

######### #.......#
. #.......#
....########h......#
.@.....@...........#
.....#######.......#
... #.......# .
#.......# ###..####
#r## #.# #r# #.#


You could see Sigmund and Natasha.

Vanquished Creatures
  A frilled lizard (D:1)
  A rat (D:1)
2 creatures vanquished.

Notes
Turn   | Place    | Note
-------+----------+-------------------------------------------
     0 | D:1      | Bravepunisher the Spriggan Monk began the quest for the
                  | Orb.
     0 | D:1      | Reached XP level 1. HP: 11/11 MP: 2/2
    86 | D:2      | Noticed Natasha
    96 | D:2      | Noticed Sigmund
    96 | D:2      | Killed from afar by Natasha

Illustrated notes

Levels and vault maps discovered:
D:1:      evilmike_arrival_crescent, layout_basic, minivault_23
D:2:      layout_rooms, small_statue_intersection, uniq_natasha, uniq_sigmund,
          uniq_terence

Action                     || total
---------------------------++-------
  Melee: Short sword       ||     5
 Armour: Robe              ||     3
  Dodge: Dodged            ||     4

Table legend: (Time is in decaauts)
 A = Elapsed time spent in this place.
 B = Non-inter-level travel time spent in this place.
 C = Inter-level travel time spent in this place.
 D = Time resting spent in this place.
 E = Time spent auto-exploring this place.
 F = Levels seen in this place.
 G = Mean time per level.
                   A        B        C        D        E       F      G
               +--------+--------+--------+--------+--------+-----+--------+
         Total |     63 |     63 |      0 |      0 |     26 |   2 |   31.5 |
       Dungeon |     63 |     63 |      0 |      0 |     26 |   2 |   31.5 |
               +--------+--------+--------+--------+--------+-----+--------+

Top non-repeatable levels by time:
     D:1: 42 daAuts
     D:2: 20 daAuts
